[Event "Titled Tuesday Blitz March 21 Early 2023"]
[White "Mikhailovsky, Vladimir"]
[Black "Paravyan, David"]
[WhiteFideId "34105414"]
[BlackFideId "4194985"]
[WhiteElo "2293"]
[BlackElo "2577"]
[Result "0-1"]
[Round "03"]
[TimeControl "180+2"]
[Date "2023.03.21"]
[WhiteClock "0:00:35"]
[BlackClock "0:01:13"]

1. e4 e5 2. Nf3 Nf6 3. Nc3 Nc6 4. d4 exd4 5. Nxd4 Bb4 6. Nxc6 bxc6 7. Bd3 O-O 8. O-O d5 9. exd5 cxd5 10. h3 c6 11. Qf3 Re8 12. Bf4 Bd6 13. Rfe1 Be6 14. Rad1 Qb8 15. Bxd6 Qxd6 16. Ne2 Bd7 17. c3 Re5 18. Nd4 Rae8 19. Rxe5 Qxe5 20. b4 g6 21. a4 Kg7 22. a5 Rc8 23. Ba6 Rc7 24. Qd3 c5 25. Nf3 Qd6 26. b5 Bc8 27. Bxc8 Rxc8 28. Re1 d4 29. c4 Qc7 30. Qd2 Re8 31. Rb1 Ne4 32. Qe1 Re6 33. a6 Nc3 34. Qc1 Ne2+ 0-1


[Site "https://www.chess.com"]

[Event "Titled Tuesday Blitz March 21 Early 2023"]
[White "Shimanov, Aleksandr"]
[Black "Zakhartsov, Vladimir"]
[WhiteFideId "4198603"]
[BlackFideId "4145097"]
[WhiteElo "2631"]
[BlackElo "2521"]
[Result "1-0"]
[Round "03"]
[TimeControl "180+2"]
[Date "2023.03.21"]
[WhiteClock "0:00:16"]
[BlackClock "0:00:02"]

1. e4 c5 2. d4 cxd4 3. Qxd4 Nc6 4. Qd3 e6 5. Nc3 a6 6. Bf4 Bb4 7. O-O-O Nge7 8. Nf3 O-O 9. e5 Qa5 10. a3 Bxc3 11. Qxc3 Qxc3 12. bxc3 Nd5 13. Bd2 b5 14. c4 bxc4 15. Bxc4 Nce7 16. Bb3 a5 17. c4 Nc7 18. Be3 Nc6 19. Rd2 a4 20. Ba2 Na6 21. Rhd1 Na5 22. Bb6 Nb7 23. Rb2 Nbc5 24. Rb5 Ne4 25. Bd4 Nc7 26. Rb2 Na6 27. Ne1 d6 28. exd6 Nxd6 29. Bxg7 Kxg7 30. Rxd6 Nc5 31. Nd3 Ne4 32. Rd4 Nc3 33. Kd2 Nxa2 34. Rxa2 Bb7 35. f3 Rac8 36. Rb2 Bc6 37. Ne5 Kf6 38. Nd3 Rfd8 39. Kc3 Rxd4 40. Kxd4 Rd8+ 41. Kc3 h5 42. h4 Kf5 43. Rb6 Rc8 44. Ra6 f6 45. Ra5+ e5 46. f4 Bxg2 47. fxe5 Bf1 48. exf6+ Kxf6 49. Rxh5 Rd8 50. Rd5 Rh8 51. Rd4 Ke7 52. Nc5 Rh5 53. Nxa4 Rf5 54. Kb4 Rf2 55. Nc3 Rb2+ 56. Kc5 Rf2 57. Nd5+ Ke6 58. Re4+ Kd7 59. Rf4 1-0


[Site "https://www.chess.com"]

[Event "Titled Tuesday Blitz March 21 Early 2023"]
[White "Pranav, V"]
[Black "Hayrapetyan, Hovik"]
[WhiteFideId "25060783"]
[BlackFideId "13302639"]
[WhiteElo "2500"]
[BlackElo "2348"]
[Result "1-0"]
[Round "03"]
[TimeControl "180+2"]
[Date "2023.03.21"]
[WhiteClock "0:00:40"]
[BlackClock "0:00:02"]

1. e4 c5 2. Nf3 d6 3. Bb5+ Nd7 4. O-O a6 5. Bxd7+ Bxd7 6. Re1 Nf6 7. h3 e6 8. d4 cxd4 9. Nxd4 Qc7 10. b3 Rc8 11. Re2 b5 12. Bb2 Be7 13. Na3 d5 14. exd5 Nxd5 15. c4 Nf4 16. Re3 O-O 17. cxb5 axb5 18. Ndxb5 Bxb5 19. Nxb5 Qb7 20. Qg4 Ng6 21. a4 Rc2 22. Bc3 Bc5 23. Bd4 Rc8 24. Rd1 Bxd4 25. Qxd4 h5 26. Nd6 Qa8 27. Nxc8 Rxc8 28. Rc3 Rb8 29. Rc7 h4 30. Qa7 1-0


[Site "https://www.chess.com"]

[Event "Titled Tuesday Blitz March 21 Early 2023"]
[White "Sanal, Vahap"]
[Black "Deac, Bogdan-Daniel"]
[WhiteFideId "6300545"]
[BlackFideId "1226380"]
[WhiteElo "2606"]
[BlackElo "2649"]
[Result "0-1"]
[Round "03"]
[TimeControl "180+2"]
[Date "2023.03.21"]
[WhiteClock "0:00:02"]
[BlackClock "0:00:07"]

1. Nf3 d5 2. b3 c5 3. Bb2 Nc6 4. e3 a6 5. Be2 d4 6. O-O Nf6 7. Re1 g6 8. exd4 cxd4 9. c3 dxc3 10. dxc3 Qc7 11. c4 Bg7 12. Nc3 O-O 13. Nd5 Nxd5 14. Bxg7 Ne3 15. Qd2 Kxg7 16. Qxe3 e5 17. Rad1 Bf5 18. Bd3 Bxd3 19. Rxd3 Rad8 20. Rd5 f6 21. Red1 Rxd5 22. cxd5 Rd8 23. h4 Ne7 24. Qe4 Qd6 25. h5 Nxd5 26. hxg6 hxg6 27. g3 Qe6 28. Nd4 Qe7 29. Re1 Qd7 30. Nf3 Ne7 31. Re2 Qd5 32. Qb4 Rd7 33. Rd2 Qe6 34. Re2 Nc6 35. Qh4 Qf5 36. Nh2 Rd1+ 37. Kg2 Qd3 38. Ng4 Qxe2 39. Qxf6+ Kg8 40. Qxg6+ Kf8 41. Qf6+ Ke8 42. Qe6+ Kd8 43. Nf6 Qf1+ 44. Kf3 Nd4+ 45. Kg4 Nxe6 0-1


[Site "https://www.chess.com"]

[Event "Titled Tuesday Blitz March 21 Early 2023"]
[White "Alekseenko, Kirill"]
[Black "Real_OceanStorm"]
[WhiteFideId "4135539"]
[WhiteElo "2683"]
[BlackElo "2817"]
[Result "1-0"]
[Round "03"]
[TimeControl "180+2"]
[Date "2023.03.21"]
[WhiteClock "0:00:21"]
[BlackClock "0:00:04"]

1. d4 Nf6 2. Nc3 e6 3. Bf4 d5 4. Nb5 Na6 5. e3 c6 6. Nc3 Qb6 7. a3 Ne4 8. Nxe4 dxe4 9. Rb1 Be7 10. Ne2 O-O 11. Nc3 f5 12. g4 Nc7 13. gxf5 exf5 14. Bc4+ Be6 15. Bxc7 Qxc7 16. Bxe6+ Kh8 17. Ne2 g5 18. Qd2 Rf6 19. Bb3 Raf8 20. Nc3 f4 21. Nxe4 fxe3 22. fxe3 Rf3 23. Ke2 Rh3 24. Kd3 c5 25. d5 b5 26. c4 Rff3 27. Rbe1 Qf4 28. cxb5 Bf8 29. Qc3+ Bg7 30. Qxc5 Rh4 31. Qc8+ Bf8 32. Qe6 Rh6 33. Qe8 Rhh3 34. Ng3 1-0


[Site "https://www.chess.com"]

[Event "Titled Tuesday Blitz March 21 Early 2023"]
[White "Narayanan, Srinath"]
[Black "Nguyen, Ngoc Truong Son"]
[WhiteFideId "5018420"]
[BlackFideId "12401110"]
[WhiteElo "2438"]
[BlackElo "2571"]
[Result "1/2-1/2"]
[Round "03"]
[TimeControl "180+2"]
[Date "2023.03.21"]
[WhiteClock "0:00:09"]
[BlackClock "0:00:03"]

1. Nf3 Nf6 2. c4 g6 3. e3 Bg7 4. d4 O-O 5. Nc3 d6 6. Be2 Nbd7 7. O-O e5 8. dxe5 dxe5 9. b3 c6 10. Ba3 Re8 11. Qc2 Qa5 12. Bd6 Re6 13. Rad1 Ne8 14. Ne4 Nxd6 15. Nxd6 Qc7 16. c5 Re7 17. Bc4 Bf6 18. b4 Nf8 19. Nd2 Be6 20. N2e4 Bg7 21. h4 h6 22. h5 Kh7 23. hxg6+ fxg6 24. Rd2 a5 25. a3 axb4 26. axb4 b5 27. Bb3 Ra3 28. Bxe6 Nxe6 29. Rfd1 Ra4 30. Qb3 Nf8 31. Ng3 Nd7 32. Ndf5 gxf5 33. Nxf5 Nf6 34. Rd6 Rf7 35. Rxc6 Qxc6 36. Qxf7 Ne8 37. Rd7 Qg6 38. Nxg7 Nxg7 39. Qxg6+ Kxg6 40. c6 Rxb4 41. c7 Rc4 42. Rd6+ Kf7 43. Rd5 Rxc7 44. Rxb5 Re7 45. g4 Kf6 46. Kg2 Ne6 47. Kg3 Rg7 48. Rb6 h5 49. f3 hxg4 50. fxg4 Rd7 51. Kf3 Rg7 52. Kg3 Rg6 53. Kf3 Ke7 54. Rb7+ Kd6 55. Ra7 Nc5 56. Kg3 Ne4+ 57. Kf3 Ng5+ 58. Kg3 Kd5 59. Kh4 Nf3+ 60. Kg3 Nd2 61. Ra4 Nc4 62. Kf3 Rf6+ 63. Ke2 e4 64. Ra8 Rf3 65. Rd8+ Kc5 66. Rc8+ Kd5 67. Rd8+ Ke5 68. Re8+ Kd5 69. Rd8+ 1/2-1/2


[Site "https://www.chess.com"]

[Event "Titled Tuesday Blitz March 21 Early 2023"]
[White "Lenderman, Aleksandr"]
[Black "Gorodetzky, David"]
[WhiteFideId "2021285"]
[BlackFideId "2813416"]
[WhiteElo "2607"]
[BlackElo "2484"]
[Result "1/2-1/2"]
[Round "03"]
[TimeControl "180+2"]
[Date "2023.03.21"]
[WhiteClock "0:00:48"]
[BlackClock "0:00:12"]

1. Nf3 Nf6 2. c4 e6 3. Nc3 d5 4. e3 a6 5. b3 Bd6 6. Bb2 O-O 7. g3 b6 8. cxd5 exd5 9. Bg2 Bb7 10. O-O Nbd7 11. Rc1 Qe7 12. Ne2 g6 13. Qc2 Rac8 14. Rfd1 Rfd8 15. Qb1 Ba3 16. Nf4 Bxb2 17. Qxb2 c5 18. d4 c4 19. Ne5 Nxe5 20. dxe5 Ng4 21. Bxd5 c3 22. Rxc3 Qxe5 23. Rxc8 Qxb2 24. Rxd8+ Kg7 25. Rf1 Bxd5 26. Nxd5 Qd2 27. e4 Qxa2 28. h3 Ne5 29. b4 Qe2 30. Ne3 Nf3+ 31. Kg2 Nd2 32. Rc1 Nxe4 33. Rc2 Qe1 34. Rd4 Nxf2 35. Nf5+ gxf5 36. Rxf2 Qe5 37. Rdf4 Qd5+ 38. Kh2 Kg6 39. g4 fxg4 40. Rxg4+ Kh5 41. Rgf4 Qd6 42. Kg2 Qc6+ 43. Kh2 Qc7 44. Kg2 Qc6+ 45. Kh2 a5 46. bxa5 bxa5 47. Rxf7 Qd6+ 48. Kg2 Qd5+ 49. Kh2 Kg6 50. R7f4 Qe5 51. Kg2 Qd5+ 52. Kh2 Qd6 53. Kg2 Qc6+ 54. Kh2 Qd6 55. Kg2 Qd5+ 56. Kg1 Qd1+ 57. Kh2 Qd6 1/2-1/2


[Site "https://www.chess.com"]

[Event "Titled Tuesday Blitz March 21 Early 2023"]
[White "Sattarov, Bobir"]
[Black "Ter-Sahakyan, Samvel"]
[WhiteFideId "14203081"]
[BlackFideId "13302531"]
[WhiteElo "2351"]
[BlackElo "2566"]
[Result "1/2-1/2"]
[Round "03"]
[TimeControl "180+2"]
[Date "2023.03.21"]
[WhiteClock "0:00:26"]
[BlackClock "0:00:31"]

1. e4 c5 2. Nf3 e6 3. d4 cxd4 4. Nxd4 Nf6 5. Nc3 Nc6 6. Ndb5 d6 7. Bf4 e5 8. Bg5 a6 9. Na3 b5 10. Nd5 Be7 11. Bxf6 Bxf6 12. c4 b4 13. Nc2 a5 14. g3 Bg5 15. Bg2 O-O 16. O-O Be6 17. Qd3 Nb8 18. f4 Bh6 19. Nde3 Na6 20. f5 Nc5 21. Qe2 Bd7 22. Ng4 Bg5 23. Rad1 Ra6 24. h4 Be7 25. Nce3 f6 26. Nd5 Bc6 27. Nge3 Qe8 28. g4 Bd8 29. Kh2 Kh8 30. Rg1 Ra7 31. Bf3 g6 32. Rg2 Rg7 33. Rdg1 Bd7 34. Rg3 Rfg8 35. R1g2 gxf5 36. Nxf5 Bxf5 37. gxf5 Rxg3 38. Rxg3 Rxg3 39. Kxg3 Qg8+ 40. Kh2 Qg7 41. Qe3 Be7 42. Kh3 Bf8 43. Kh2 Be7 44. Kh3 Bf8 45. Kh2 Be7 1/2-1/2


[Site "https://www.chess.com"]

[Event "Titled Tuesday Blitz March 21 Early 2023"]
[White "Bok, Benjamin"]
[Black "Pakleza, Zbigniew"]
[WhiteFideId "1017063"]
[BlackFideId "1119290"]
[WhiteElo "2658"]
[BlackElo "2410"]
[Result "1-0"]
[Round "03"]
[TimeControl "180+2"]
[Date "2023.03.21"]
[WhiteClock "0:00:09"]
[BlackClock "0:00:13"]

1. d4 d5 2. c4 c6 3. cxd5 cxd5 4. Nf3 Nf6 5. Nc3 Nc6 6. Bf4 Qb6 7. a3 Bf5 8. Na4 Qd8 9. e3 e6 10. Rc1 Bd6 11. Bxd6 Qxd6 12. Qb3 Rb8 13. Bb5 O-O 14. Bxc6 bxc6 15. Qc3 Rfc8 16. O-O Ne4 17. Qa5 g5 18. Nd2 e5 19. Nxe4 Bxe4 20. Qc3 exd4 21. Qxd4 a5 22. Nc5 Bg6 23. b3 h5 24. Rc3 Rb5 25. Rfc1 h4 26. h3 Kh7 27. Qg4 Qd8 28. Qd4 Kh6 29. Nd3 Qd6 30. Ne5 Qxa3 31. Rxc6 Qxc1+ 32. Rxc1 Rxc1+ 33. Kh2 Rxb3 34. Ng4+ Kh7 35. Nf6+ Kh6 36. Ne8 f6 37. Qxf6 Rb7 38. Qf8+ Kh5 39. Nf6# 1-0


[Site "https://www.chess.com"]

[Event "Titled Tuesday Blitz March 21 Early 2023"]
[White "Idani, Pouya"]
[Black "Kramnik, Vladimir"]
[WhiteFideId "12510130"]
[BlackFideId "4101588"]
[WhiteElo "2574"]
[BlackElo "2712"]
[Result "1/2-1/2"]
[Round "03"]
[TimeControl "180+2"]
[Date "2023.03.21"]
[WhiteClock "0:00:06"]
[BlackClock "0:00:11"]

1. e4 c5 2. Nc3 e6 3. d4 cxd4 4. Qxd4 Nc6 5. Qe3 Nf6 6. Nf3 Bb4 7. a3 Bxc3+ 8. Qxc3 O-O 9. Bd3 d5 10. exd5 exd5 11. O-O Bg4 12. Nd4 Rc8 13. Nxc6 Rxc6 14. Qd4 a6 15. Bg5 Bh5 16. Rfe1 Bg6 17. Rad1 Bxd3 18. Qxd3 h6 19. Bh4 Qb6 20. b4 Rfc8 21. Bxf6 Rxf6 22. Re2 Re6 23. Rde1 Rxe2 24. Rxe2 d4 25. Re4 g6 26. Rxd4 Rxc2 27. Rd8+ Kg7 28. Qxc2 Qxd8 29. Qc3+ Qf6 30. Qc1 Qd4 31. g3 Qd3 32. Kg2 b5 33. Qb2+ Kg8 34. Qc1 g5 35. Qc8+ Kg7 36. Qc1 Qd5+ 37. Kg1 Qb3 38. Qa1+ f6 39. Qc1 Kg6 40. h3 h5 41. Kg2 Qd5+ 42. Kh2 g4 43. Qc2+ Qf5 44. Qe2 Qd7 45. hxg4 hxg4 46. Qe3 Qc6 47. Qd4 Qc4 48. Qd2 Qe4 49. Qc1 Qd3 50. Kg1 Qe4 51. Qa1 Kf5 52. Qc1 Qc4 53. Qd2 Ke6 54. Qe3+ Kf7 55. Qd2 Qe6 56. Qd3 f5 57. Qd2 Kg6 58. Qd3 Qe5 59. Qd2 Qa1+ 60. Kg2 Qe5 61. Qd3 Qe6 62. Qc3 Qe4+ 63. Kg1 Qd5 64. Qe3 Qd1+ 65. Kg2 Qd5+ 66. Kg1 Qd1+ 67. Kg2 Qd5+ 68. Kg1 1/2-1/2


[Site "https://www.chess.com"]

[Event "Titled Tuesday Blitz March 21 Early 2023"]
[White "Makarian, Rudik"]
[Black "Mahdavi, Reza"]
[WhiteFideId "44105681"]
[BlackFideId "12595926"]
[WhiteElo "2436"]
[BlackElo "2208"]
[Result "1-0"]
[Round "03"]
[TimeControl "180+2"]
[Date "2023.03.21"]
[WhiteClock "0:00:29"]
[BlackClock "0:00:07"]

1. d4 Nf6 2. c4 g6 3. Nc3 d5 4. Bf4 Bg7 5. e3 O-O 6. Rc1 Nh5 7. Bg5 h6 8. Bh4 c5 9. dxc5 Qa5 10. Be2 Nf6 11. Bxf6 Bxf6 12. cxd5 Nd7 13. Nf3 Nxc5 14. O-O Rd8 15. Nd4 Bd7 16. a3 Qb6 17. b4 Na6 18. Ne4 Bxd4 19. Qxd4 Qxd4 20. exd4 Bf5 21. Nc5 Nxc5 22. dxc5 Rxd5 23. Bf3 Rd7 24. c6 Rd6 25. cxb7 Rb8 26. Rc7 e5 27. Rfc1 Rdd8 28. g4 Be6 29. b5 Kg7 30. a4 Bd5 31. Bxd5 Rxd5 32. a5 1-0


[Site "https://www.chess.com"]

[Event "Titled Tuesday Blitz March 21 Early 2023"]
[White "Molina, Roberto Junio Brito"]
[Black "Gholami Orimi, Mahdi"]
[WhiteFideId "2109450"]
[BlackFideId "12558486"]
[WhiteElo "2376"]
[BlackElo "2363"]
[Result "1-0"]
[Round "03"]
[TimeControl "180+2"]
[Date "2023.03.21"]
[WhiteClock "0:02:04"]
[BlackClock "0:02:08"]

1. d4 Nf6 2. c4 e6 3. Nf3 d5 4. Nc3 dxc4 5. e4 b5 6. e5 Nd5 7. Nxb5 Nb6 8. Be2 Nc6 9. O-O Rb8 10. Nc3 Be7 11. Be3 Nb4 12. Qc1 Ba6 13. Rd1 N6d5 14. Ne4 Nd3 15. Bxd3 cxd3 16. Qc6+ Qd7 17. Qxa6 Rxb2 18. Qxd3 Nb4 19. Qc4 Rc2 20. Qb3 a5 21. Nc5 Qb5 22. a3 1-0


[Site "https://www.chess.com"]

[Event "Titled Tuesday Blitz March 21 Early 2023"]
[White "Kamsky, Gata"]
[Black "Samunenkov, Ihor"]
[WhiteFideId "2000024"]
[BlackFideId "14187086"]
[WhiteElo "2666"]
[BlackElo "2457"]
[Result "1/2-1/2"]
[Round "03"]
[TimeControl "180+2"]
[Date "2023.03.21"]
[WhiteClock "0:00:11"]
[BlackClock "0:00:02"]

1. e4 c5 2. Nf3 Nc6 3. d4 cxd4 4. Nxd4 g6 5. c4 Nf6 6. Nc3 d6 7. Be2 Nxd4 8. Qxd4 Bg7 9. Bd2 O-O 10. Qe3 Bg4 11. O-O Rc8 12. Rac1 Bxe2 13. Qxe2 a6 14. b3 Qd7 15. a4 Qg4 16. f3 Qh5 17. Rfd1 Nd7 18. Nd5 Rfe8 19. Be3 e6 20. Nf4 Qe5 21. Nd3 Qa5 22. Qe1 Qh5 23. Qg3 Nc5 24. Nxc5 dxc5 25. Rd7 Red8 26. Rcd1 Bd4 27. Rxd8+ Rxd8 28. Bxd4 Rxd4 29. Rxd4 cxd4 30. Qd6 Qa5 31. h3 Qe1+ 32. Kh2 Qc3 33. Qb8+ Kg7 34. Qe5+ Kg8 35. Qb8+ Kg7 36. Qe5+ Kg8 37. Qb8+ 1/2-1/2


[Site "https://www.chess.com"]

[Event "Titled Tuesday Blitz March 21 Early 2023"]
[White "Cherniaiev, Tykhon"]
[Black "Indjic, Aleksandar"]
[WhiteFideId "14182360"]
[BlackFideId "911925"]
[WhiteElo "2450"]
[BlackElo "2614"]
[Result "0-1"]
[Round "03"]
[TimeControl "180+2"]
[Date "2023.03.21"]
[WhiteClock "0:00:01"]
[BlackClock "0:00:53"]

1. Nf3 Nf6 2. d4 e6 3. c4 c5 4. g3 cxd4 5. Nxd4 Qc7 6. Nd2 Nc6 7. Nb5 Qa5 8. Bg2 a6 9. Nc3 Bb4 10. Nce4 Nxe4 11. Bxe4 d5 12. cxd5 exd5 13. Bg2 O-O 14. O-O Rd8 15. Nb3 Qb6 16. Bg5 Be7 17. Bxe7 Nxe7 18. Qd4 Qe6 19. Nc5 Qd6 20. Rad1 Rb8 21. Ne4 Qc7 22. Nc3 Be6 23. e3 Rbc8 24. Rc1 Nc6 25. Qc5 d4 26. exd4 Nxd4 27. Qxc7 Rxc7 28. h4 Rxc3 29. bxc3 Ne2+ 30. Kh2 Nxc1 31. Rxc1 b5 32. Rc2 Bc4 33. Bb7 Rd6 34. Kg2 g6 35. Bf3 Kg7 36. Be2 Rc6 37. Bf3 Rc7 38. g4 h6 39. Kg3 g5 40. hxg5 hxg5 41. Rd2 Be6 42. Rc2 a5 43. Rb2 Rc5 44. Kg2 Bd7 45. Be2 Bc6+ 46. Kh2 Kf6 47. Rb3 Ke5 48. Rb2 Kf4 49. Rb3 Re5 50. Rb2 Re6 51. f3 Re5 52. a3 Bxf3 53. Bxb5 Re1 54. Be2 Rh1# 0-1


[Site "https://www.chess.com"]

[Event "Titled Tuesday Blitz March 21 Early 2023"]
[White "Praggnanandhaa R"]
[Black "Seo, Jung Min"]
[WhiteFideId "25059530"]
[BlackFideId "1734687"]
[WhiteElo "2623"]
[BlackElo "2468"]
[Result "0-1"]
[Round "03"]
[TimeControl "180+2"]
[Date "2023.03.21"]
[WhiteClock "0:00:01"]
[BlackClock "0:01:03"]

1. e4 c5 2. Nf3 e6 3. Be2 Nc6 4. O-O Nf6 5. Nc3 Be7 6. d4 cxd4 7. Nxd4 O-O 8. Be3 d6 9. f4 a6 10. Kh1 Bd7 11. a4 Nxd4 12. Bxd4 Bc6 13. Bd3 Nd7 14. Qe1 Nc5 15. Rd1 Nxd3 16. Rxd3 b5 17. f5 exf5 18. Rxf5 bxa4 19. Nd5 Bxd5 20. exd5 g6 21. Rf4 Bg5 22. Re4 Bf6 23. h3 Bxd4 24. Rdxd4 Rb8 25. Rb4 a5 26. Rxb8 Qxb8 27. Qa1 Qb5 28. Rxa4 Qxd5 29. Rxa5 Qd2 30. c3 Kg7 31. Ra4 Re8 32. Rd4 Re1+ 33. Kh2 Qe3 34. Qa8 Qg1+ 35. Kg3 Re3+ 36. Kg4 h5+ 0-1


[Site "https://www.chess.com"]

[Event "Titled Tuesday Blitz March 21 Early 2023"]
[White "Kosteniuk, Alexandra"]
[Black "Tari, Aryan"]
[WhiteFideId "4128125"]
[BlackFideId "1510045"]
[WhiteElo "2453"]
[BlackElo "2583"]
[Result "1-0"]
[Round "03"]
[TimeControl "180+2"]
[Date "2023.03.21"]
[WhiteClock "0:00:19"]
[BlackClock "0:00:13"]

1. e4 c6 2. Nc3 d5 3. Nf3 dxe4 4. Nxe4 Nf6 5. Qe2 Na6 6. Nxf6+ gxf6 7. h3 Rg8 8. d4 Nb4 9. a3 Qa5 10. c3 Nd5 11. Bd2 Qb6 12. O-O-O Bf5 13. g4 Bg6 14. Nh4 e6 15. Nxg6 hxg6 16. c4 Nc7 17. Bc3 Qb3 18. Qc2 Qxc2+ 19. Kxc2 Bd6 20. Bg2 Ke7 21. Rhe1 g5 22. b4 a5 23. b5 cxb5 24. c5 Bf4 25. Bxb7 Ra7 26. Bc6 Rh8 27. d5 Nxd5 28. Rxd5 Rxh3 29. Bxb5 Rf3 30. c6 Rxf2+ 31. Kb3 Rf3 32. Rd3 a4+ 33. Kc4 Rf2 34. Bb4+ Ke8 35. c7# 1-0


[Site "https://www.chess.com"]

[Event "Titled Tuesday Blitz March 21 Early 2023"]
[White "Csonka, Balazs"]
[Black "Esipenko, Andrey"]
[WhiteFideId "742910"]
[BlackFideId "24175439"]
[WhiteElo "2404"]
[BlackElo "2615"]
[Result "0-1"]
[Round "03"]
[TimeControl "180+2"]
[Date "2023.03.21"]
[WhiteClock "0:00:03"]
[BlackClock "0:00:18"]

1. d4 Nf6 2. c4 e6 3. Nc3 d5 4. Bg5 Be7 5. e3 O-O 6. Nf3 h6 7. Bh4 b6 8. Bxf6 Bxf6 9. cxd5 exd5 10. b4 c6 11. Bd3 Re8 12. O-O Bb7 13. Qc2 Nd7 14. Rfc1 a5 15. bxa5 Rxa5 16. Rab1 Ra3 17. Bh7+ Kh8 18. Bf5 b5 19. Bxd7 Qxd7 20. Ne2 Rea8 21. Rb2 R8a4 22. Nf4 Rc4 23. Qb1 Bc8 24. h3 Qa7 25. g4 g6 26. Rd2 Bd7 27. Nd3 Kg7 28. Nfe5 Be6 29. Nxc4 dxc4 30. Nc5 Bd5 31. e4 Bg5 32. Rcd1 Bxd2 33. Rxd2 c3 34. Rc2 Bxa2 35. Qc1 b4 36. e5 Bd5 37. Qf4 Qe7 38. Re2 Ra1+ 39. Kh2 Rh1+ 40. Kg3 Rg1+ 41. Kh2 Rg2+ 0-1


[Site "https://www.chess.com"]

[Event "Titled Tuesday Blitz March 21 Early 2023"]
[White "Sjugirov, Sanan"]
[Black "Fernandez Guillen, Ernesto J."]
[WhiteFideId "4189302"]
[BlackFideId "3512428"]
[WhiteElo "2569"]
[BlackElo "2423"]
[Result "1-0"]
[Round "03"]
[TimeControl "180+2"]
[Date "2023.03.21"]
[WhiteClock "0:00:15"]
[BlackClock "0:00:09"]

1. d4 Nf6 2. c4 g6 3. Nc3 d6 4. e4 Bg7 5. Nf3 O-O 6. Be2 e5 7. O-O Nc6 8. d5 Ne7 9. b4 Ne8 10. a4 f5 11. a5 f4 12. c5 h6 13. Nd2 Rf7 14. Nc4 Bf8 15. b5 h5 16. Ba3 b6 17. cxd6 cxd6 18. Bb4 Rb8 19. axb6 axb6 20. Ra7 Rh7 21. Na4 g5 22. Naxb6 g4 23. Nxc8 Nxc8 24. Rxh7 Kxh7 25. Nxe5 dxe5 26. Bxf8 Ned6 27. Bxd6 Nxd6 28. Qa1 Qg5 29. Rc1 Rb7 30. Rc6 f3 31. Bf1 Nf7 32. Qa6 Re7 33. d6 Re8 34. Rc7 Rf8 35. Qb7 Kg7 36. Qd5 Kf6 37. d7 Nd8 38. Rc6+ Kg7 39. Rc5 Kf6 40. Qd6+ Kg7 41. Qxe5+ Qxe5 42. Rxe5 Kg6 43. gxf3 gxf3 44. h4 Kf6 45. Rf5+ Ke7 46. Rxf8 Kxf8 47. Kh2 Ke7 48. Bh3 Kd6 49. Kg3 Kc5 50. Kxf3 Kxb5 51. Kf4 1-0


[Site "https://www.chess.com"]

[Event "Titled Tuesday Blitz March 21 Early 2023"]
[White "Parkhov, Yair"]
[Black "Drygalov, Sergey"]
[WhiteFideId "2813408"]
[BlackFideId "24171743"]
[WhiteElo "2421"]
[BlackElo "2533"]
[Result "1-0"]
[Round "03"]
[TimeControl "180+2"]
[Date "2023.03.21"]
[WhiteClock "0:00:09"]
[BlackClock "0:00:05"]

1. d4 Nf6 2. c4 e6 3. Nf3 d5 4. e3 Nbd7 5. b3 b6 6. Bd3 Bb7 7. O-O Bd6 8. Bb2 O-O 9. Nc3 Ne4 10. Qc2 f5 11. cxd5 exd5 12. Nb5 Rf6 13. Rac1 c6 14. Nxd6 Rxd6 15. b4 Rg6 16. b5 c5 17. dxc5 bxc5 18. Bxe4 fxe4 19. Ne5 Nxe5 20. Bxe5 Qg5 21. Bg3 Rc8 22. Qa4 a6 23. bxa6 Bxa6 24. Rxc5 Rf8 25. Rfc1 h5 26. Qb3 Rd8 27. h4 Qf5 28. Rd1 Bd3 29. Qc3 Kh7 30. Rc1 Rf8 31. Qe5 Qxe5 32. Bxe5 Bc4 33. Rc7 Re8 34. Bd4 Rg4 35. Rb1 Re6 36. Rbb7 Reg6 37. g3 Bxa2 38. Rb8 Bc4 39. Rcc8 Ra6 40. Rh8+ Kg6 41. Kh2 Ra2 42. Rhf8 Kh7 43. Rh8+ Kg6 44. Rb6+ Kf7 45. Rb7+ Ke6 46. Rf8 Be2 47. Re8+ Kd6 48. Be5+ Kc6 49. Rc7+ Kb6 50. Rb8+ Ka5 51. Ra7+ Ba6 52. Bc7+ 1-0


[Site "https://www.chess.com"]

[Event "Titled Tuesday Blitz March 21 Early 2023"]
[White "Navara, David"]
[Black "Bolourchifard, Farzad"]
[WhiteFideId "309095"]
[BlackFideId "12510084"]
[WhiteElo "2675"]
[BlackElo "2317"]
[Result "1-0"]
[Round "03"]
[TimeControl "180+2"]
[Date "2023.03.21"]
[WhiteClock "0:00:13"]
[BlackClock "0:00:08"]

1. d4 Nf6 2. c4 e6 3. Nc3 Bb4 4. e3 O-O 5. Bd3 b6 6. e4 Bb7 7. e5 Ne4 8. Ne2 d6 9. Qc2 f5 10. exf6 Nxf6 11. Bg5 h6 12. h4 e5 13. dxe5 dxe5 14. O-O-O Nbd7 15. Bh7+ Kh8 16. Ne4 Qe7 17. N2g3 Rad8 18. a3 Bc5 19. Bg6 Bd4 20. Nf5 Bxe4 21. Nxe7 Bxc2 22. Bxc2 Rf7 23. Nc6 Re8 24. Bg6 Ref8 25. Bxf7 Rxf7 26. Nxd4 exd4 27. Rxd4 c5 28. Rdd1 Ne5 29. Bxf6 Rxf6 30. f3 Nxc4 31. Rhe1 Rf7 32. h5 Na5 33. Rd8+ Kh7 34. Ree8 g5 35. Rh8+ Kg7 36. Rdg8+ Kf6 37. Rxh6+ Kf5 38. Rhg6 Nb3+ 39. Kc2 Nd4+ 40. Kc3 Ne6 41. h6 b5 42. g4+ Ke5 43. Rxg5+ Nxg5 44. Rxg5+ Ke6 45. Rf5 Rh7 46. Rxc5 Kd6 47. Rh5 1-0


[Site "https://www.chess.com"]

[Event "Titled Tuesday Blitz March 21 Early 2023"]
[White "Aradhya, Garg"]
[Black "Grigoriants, Sergey"]
[WhiteFideId "25006746"]
[BlackFideId "4130804"]
[WhiteElo "2263"]
[BlackElo "2502"]
[Result "1-0"]
[Round "03"]
[TimeControl "180+2"]
[Date "2023.03.21"]
[WhiteClock "0:00:10"]
[BlackClock "0:00:02"]

1. d4 d5 2. c4 c6 3. Nf3 Nf6 4. Nc3 dxc4 5. e4 b5 6. Be2 Bg4 7. O-O e6 8. a4 b4 9. e5 Nd5 10. Ne4 Be7 11. Bxc4 O-O 12. a5 Nd7 13. h3 Bh5 14. Ng3 Bg6 15. Re1 c5 16. dxc5 Nxc5 17. Nd4 Rc8 18. Qf3 a6 19. Bxd5 Qxd5 20. Qxd5 exd5 21. Be3 Nd3 22. Re2 Nxe5 23. f4 Nc4 24. f5 Nxe3 25. Rxe3 Bf6 26. Rd1 Rc4 27. Red3 Rfc8 28. fxg6 hxg6 29. Nge2 R4c5 30. Kf2 Rxa5 31. b3 Rac5 32. Nf3 Rd8 33. Nf4 d4 34. Nxd4 a5 35. Nde2 Re8 36. Re3 Rb8 37. Nd5 Bg5 38. Red3 a4 39. bxa4 b3 40. Nec3 b2 41. Rb1 Bc1 42. Ne2 Ra8 43. Ndc3 Rac8 44. Nxc1 bxc1=Q 45. Rxc1 Ra5 46. Rd4 Rac5 47. Rd3 Rc4 48. a5 R4c5 49. a6 Ra8 50. Ra1 Ra7 51. Ne4 Rc6 52. Rd8+ Kh7 53. Ng5+ Kh6 54. h4 Kh5 55. Ra4 1-0


[Site "https://www.chess.com"]

[Event "Titled Tuesday Blitz March 21 Early 2023"]
[White "Dehtiarov, Roman"]
[Black "Bachmann, Axel"]
[WhiteFideId "14186640"]
[BlackFideId "3700488"]
[WhiteElo "2162"]
[BlackElo "2605"]
[Result "0-1"]
[Round "03"]
[TimeControl "180+2"]
[Date "2023.03.21"]
[WhiteClock "0:00:14"]
[BlackClock "0:00:38"]

1. c4 e6 2. Nf3 Nf6 3. e3 d5 4. b3 c5 5. cxd5 exd5 6. Bb5+ Nc6 7. Bb2 Bd6 8. h3 O-O 9. Bxc6 bxc6 10. d4 Ba6 11. dxc5 Bxc5 12. Qc2 Ne4 13. Nbd2 Qe7 14. Nxe4 dxe4 15. Nd4 Bd3 16. Qd2 Qg5 17. O-O-O a5 18. f4 Qd5 19. Bc3 Ba3+ 20. Bb2 Qc5+ 21. Nc2 Bb4 22. Qf2 a4 23. bxa4 Rxa4 24. Kb1 Bc3 25. Rxd3 exd3 26. Nd4 d2 27. Nb3 Qf5+ 28. Ka1 Rxa2+ 29. Kxa2 Ra8+ 30. Ba3 Qc2# 0-1


[Site "https://www.chess.com"]